 Dungeon Crawl Stone Soup version 0.29-a0-474-gdfe5cd140f (webtiles) character file.

Game seed: 17344058210551004846

634 Zeld the Bolt Thrower (level 7, 0/55 HPs)
             Began as a Barachi Hunter on May 23, 2022.
             Slain by Edmund
             ... wielding a +0 vorpal dire flail
              (4 damage)
             ... on level 4 of the Dungeon.
             The game lasted 00:05:31 (3967 turns).

Zeld the Bolt Thrower (Barachi Hunter)              Turns: 3967, Time: 00:05:32

Health: 0/55       AC:  6    Str: 15      XL:     7   Next: 49%
Magic:  13/13      EV: 13    Int:  9      God:
Gold:   192        SH:  0    Dex: 14 (15) Spells: 14/14 levels left

rFire   . . .      SeeInvis .   a - +1 hand crossbow
rCold   . . .      Faith    .   (no shield)
rNeg    . . .      Spirit   .   b - +0 leather armour
rPois   .          Reflect  .   (no helmet)
rElec   .          Harm     .   (no cloak)
rCorr   .          Rampage  .   g - +0 pair of gloves
Will    .....                   e - +1 pair of boots
Stlth   +.........              (no amulet)
HPRegen 0.18/turn               (no ring)
MPRegen 0.13/turn               (no ring)

@: unable to hop, slow
A: amphibious, slowness 1, strong legs 1, +LOS
a: Hop


You were on level 4 of the Dungeon.
You visited 1 branch of the dungeon, and saw 4 of its levels.
You also visited: Sewer.

You collected 192 gold pieces.

Inventory:

Hand Weapons
 a - a +1 hand crossbow (weapon)
Armour
 b - a +0 leather armour (worn)
 e - a +1 pair of boots (worn)
 g - a +0 pair of gloves (worn)
Scrolls
 d - 6 scrolls of identify {unknown}
 f - a scroll of torment {unknown}
 j - a scroll of enchant armour {unknown}
 k - 2 scrolls of brand weapon {unknown}
 o - a scroll of enchant weapon {unknown}
 q - a scroll of poison {unknown}
 r - a scroll of blinking {unknown}
 u - a scroll of noise {unknown}
Potions
 c - a potion of cancellation {unknown}
 h - 4 potions of curing {unknown}
 i - a potion of invisibility {unknown}
 l - 4 potions of mutation {unknown}
 m - a potion of haste {unknown}
 n - 2 potions of attraction {unknown}
 p - a potion of heal wounds {unknown}
 s - a potion of might {unknown}
 t - a potion of degeneration {unknown}
 v - a potion of berserk rage {unknown}


   Skills:
 + Level 4.5 Fighting
 * Level 6.1 Crossbows
 + Level 3.9 Dodging
 - Level 0.8 Stealth
 * Level 4.3 Spellcasting


You had 14 spell levels left.
You didn't know any spells.
Your spell library was empty.

Dungeon Overview and Level Annotations

Branches:
Dungeon (4/15)              Sewer (visited)
 Temple: D:4-7

Altars:
Ashenzari

Annotations:
D:3 1 runed translucent door, Crazy Yiuf; Eringya's ghost, amateur OpCj
D:4 Dowan; Duvessa; Edmund; Eustachio


Innate Abilities, Weirdness & Mutations

You are amphibious.
You cover ground slowly.
You can hop short distances.
You have an extended range of vision and can be seen from far away.


Message History

Unknown command.
Shoot: a) +1 hand crossbow
Press: ? - help, Q - select action, (/) - cycle Shift-Dir - straight line, f/p - Edmund
Aim: Edmund, wielding a +0 vorpal dire flail and wearing a +0 ring mail (lightly wounded, 69% to hit)
You shoot a bolt. The bolt barely misses Edmund.
Edmund hits you with a +0 vorpal dire flail.
* * * LOW HITPOINT WARNING * * *
x2 Edmund hits you with a +0 vorpal dire flail.
* * * LOW HITPOINT WARNING * * *
x2 Unknown command.
Shoot: a) +1 hand crossbow
Press: ? - help, Q - select action, (/) - cycle Shift-Dir - straight line, f/p - Edmund
Aim: Edmund, wielding a +0 vorpal dire flail and wearing a +0 ring mail (lightly wounded, 69% to hit)
You shoot a bolt.
The bolt hits Edmund but does no damage.
Edmund is lightly wounded.
Edmund hits you with a +0 vorpal dire flail!
* * * LOW HITPOINT WARNING * * *
x2 Unknown command.
Shoot: a) +1 hand crossbow
Press: ? - help, Q - select action, (/) - cycle Shift-Dir - straight line, f/p - Edmund
Aim: Edmund, wielding a +0 vorpal dire flail and wearing a +0 ring mail (lightly wounded, 69% to hit)
You shoot a bolt. The bolt barely misses Edmund.
Edmund barely misses you.
Unknown command.
Shoot: a) +1 hand crossbow
Press: ? - help, Q - select action, (/) - cycle Shift-Dir - straight line, f/p - Edmund
Aim: Edmund, wielding a +0 vorpal dire flail and wearing a +0 ring mail (lightly wounded, 69% to hit)
You shoot a bolt. The bolt barely misses Edmund.
Edmund closely misses you.
Unknown command.
Shoot: a) +1 hand crossbow
Press: ? - help, Q - select action, (/) - cycle Shift-Dir - straight line, f/p - Edmund
Aim: Edmund, wielding a +0 vorpal dire flail and wearing a +0 ring mail (lightly wounded, 69% to hit)
You shoot a bolt. The bolt hits Edmund.
Edmund is moderately wounded.
Edmund completely misses you.
Edmund clears his throat.
Edmund hits you with a +0 vorpal dire flail.
You die...

#.# # # # #########
#.......# #.#####.######
#.#####.##...#
#.##.......#.#
#.##.##@####.#########
#.##.##@# #...r.....#
#....<..# #########.###
####(#### #.##. #...# ##
#@.#≈ #.#.# #.... ##..#.
####.#.#####.....##.....
#....#....##........)...
#.#######.##.....##.....


You could see Edmund.

Vanquished Creatures
  Sigmund (D:3)
  Pargi (Sewer)
  A phantom (D:4)
  3 hounds
  An iguana (D:3)
  5 gnolls
  4 adders
  5 worms
  4 dart slugs
  3 orcs
  5 endoplasms
  5 giant cockroaches
  7 goblins
  6 hobgoblins
  6 jackals
  4 kobolds
  6 quokkas
  10 ball pythons
  5 bats
  13 frilled lizards
  11 rats
106 creatures vanquished.

Vanquished Creatures (others)
  4 plants (D:1)
4 creatures vanquished.

Grand Total: 110 creatures vanquished

Notes
Turn   | Place    | Note
-------+----------+-------------------------------------------
     0 | D:1      | Zeld the Barachi Hunter began the quest for the Orb.
     0 | D:1      | Reached XP level 1. HP: 17/17 MP: 1/1
    75 | D:1      | Reached XP level 2. HP: 23/23 MP: 1/3
   328 | D:1      | Reached skill level 1 in Spellcasting
   436 | D:1      | Reached XP level 3. HP: 28/28 MP: 4/4
   715 | D:1      | Found a faded altar of an unknown god.
  1049 | D:2      | Found a broken altar of Ashenzari.
  1117 | D:2      | Reached XP level 4. HP: 34/34 MP: 6/6
  1443 | D:3      | Found a transporter.
  1447 | D:3      | Noticed Eringya's ghost (amateur OpCj)
  1448 | D:3      | Noticed an ogre
  1448 | D:3      | Noticed an ogre
  1571 | D:3      | Reached XP level 5. HP: 34/41 MP: 8/8
  1779 | D:3      | Noticed Sigmund
  2039 | D:3      | Killed Sigmund
  2040 | D:3      | Reached skill level 5 in Crossbows
  2040 | D:3      | Reached XP level 6. HP: 39/48 MP: 8/10
  2594 | D:3      | Found a runed translucent door.
  2595 | D:3      | Noticed Crazy Yiuf
  2772 | D:3      | Found a transporter.
  3117 | D:4      | Reached XP level 7. HP: 46/54 MP: 12/12
  3209 | D:4      | Found a glowing drain.
  3213 | Sewer    | Entered a sewer
  3298 | Sewer    | Noticed Pargi
  3311 | Sewer    | Killed Pargi
  3312 | Sewer    | Reached skill level 6 in Crossbows
  3461 | D:4      | Noticed Dowan
  3463 | D:4      | Noticed Duvessa
  3599 | D:4      | Noticed Eustachio
  3935 | D:4      | Noticed Edmund
  3967 | D:4      | Slain by Edmund

Illustrated notes

Levels and vault maps discovered:
D:1:      wheals_arrival_shading, layout_loops_ring,
          dilly_ecumenical_altar_fadedgnrine, minmay_lizard_pond
D:2:      layout_basic, basic_altar
D:3:      layout_basic, gammafunk_ghost_smash, minmay_quantized, uniq_sigmund,
          uniq_crazy_yiuf_cottage
D:4:      layout_loops_cross, gup_sewer_entry_spiral,
          chequers_serial_rivers_micro_b, minmay_fractal_squares_5,
          uniq_eustachio, uniq_duvessa, uniq_edmund

Skill      XL: |  1  2  3  4  5  6  7 |
---------------+----------------------+-----
Spellcasting   | 1 2 3 4 |  4.3
Fighting       | 3 4 |  4.5
Crossbows      | 5 6 |  6.1
Dodging        | 3 |  3.9
Stealth        | |  0.8

Action                   |  1- 3 |  4- 6 |  7- 9 || total
-------------------------+-------+-------+-------++-------
 Fire: Hand crossbow     |    97 |   152 |    90 ||   339
 Abil: Hop               |       |     3 |     1 ||     4
  Use: Scroll            |       |     1 |       ||     1
Armor: Leather armour    |     6 |    18 |    43 ||    67
Dodge: Dodged            |    27 |    56 |    68 ||   151

Table legend: (Time is in decaauts)
 A = Elapsed time spent in this place.
 B = Non-inter-level travel time spent in this place.
 C = Inter-level travel time spent in this place.
 D = Time resting spent in this place.
 E = Time spent auto-exploring this place.
 F = Levels seen in this place.
 G = Mean time per level.
                   A        B        C        D        E       F      G
               +--------+--------+--------+--------+--------+-----+--------+
         Total |   4535 |   4124 |    411 |    693 |   2477 |   5 |  907.0 |
       Dungeon |   4358 |   3947 |    411 |    693 |   2355 |   4 | 1089.5 |
         Sewer |    177 |    177 |      0 |      0 |    122 |   1 |  177.0 |
               +--------+--------+--------+--------+--------+-----+--------+

Top non-repeatable levels by time:
     D:3: 1501 daAuts
     D:2: 1020 daAuts
     D:1: 1008 daAuts
     D:4: 827 daAuts
   Sewer: 177 daAuts
